 Dungeon Crawl Stone Soup version 0.22.0-32-gbc6daba (webtiles) character file.

6563 Lew the Fighter (level 11, -5/87 HPs)
             Began as a Gnoll Abyssal Knight on Aug 23, 2018.
             Was a High Priest of Lugonu.
             Killed from afar by a gargoyle (17 damage)
             ... with a stone arrow
             ... on level 10 of the Dungeon.
             The game lasted 00:36:59 (13589 turns).

Lew the Fighter (Gnoll Abyssal Knight)             Turns: 13589, Time: 00:36:59

Health: -5/87      AC: 19    Str: 17    XL:     11   Next: 1%
Magic:  0/19       EV:  7    Int: 14    God:    Lugonu [*****.]
Gold:   410        SH: 14    Dex: 16    Spells: 21/21 levels left

rFire    . . .     SeeInvis +   D - +2 war axe (elec)
rCold    . . .     Gourm    .   j - +0 large shield
rNeg     + . .     Faith    .   B - +2 chain mail {rN+}
rPois    .         Spirit   +   (no helmet)
rElec    .         Reflect  .   y - scarf {Spirit}
rCorr    .         Harm     .   o - +2 pair of gloves
MR       .....                  i - +2 pair of boots
Stlth    ..........             (no amulet)
HPRegen  0.24/turn              q - ring of flight
MPRegen  0.16/turn              k - ring of see invisible

@: no status effects
A: distributed training, fangs 1, strong nose
a: Depart the Abyss, Bend Space, Banish, Corrupt, Enter the Abyss, Renounce
Religion, Evoke Flight


You were on level 10 of the Dungeon.
You worshipped Lugonu.
Lugonu was extremely pleased with you.
You were not hungry.

You visited 1 branch of the dungeon, and saw 10 of its levels.
You visited the Abyss 1 time.
You also visited: Ossuary.

You collected 714 gold pieces.
You spent 304 gold pieces at shops.

Inventory:

Hand Weapons
 a - a +2 hand axe
 r - a +2 quarterstaff of chaos
 u - a +0 flail of protection
 C - a +5 war axe
 D - a +2 war axe of electrocution (weapon)
Armour
 e - a +6 plate armour of ponderousness
 i - a +2 pair of boots (worn)
 j - a +0 large shield (worn)
 o - a +2 pair of gloves (worn)
 v - a +0 cloak
 y - a scarf of spirit shield (worn)
 B - a +2 chain mail of positive energy (worn)
 E - a +1 scale mail of poison resistance
Jewellery
 k - a ring of see invisible (right hand)
 q - a ring of flight (left hand)
Wands
 z - a wand of iceblast (13)
 A - a wand of random effects (40)
Scrolls
 d - a scroll of fog
 g - 2 scrolls of remove curse
 h - a scroll of blinking
 m - 2 scrolls of immolation
 n - 2 scrolls of fear
 x - a scroll of amnesia
Potions
 b - a potion of might
 f - 3 potions of flight
 l - 2 potions of magic
 p - a potion of agility
 s - 3 potions of brilliance
 t - 3 potions of lignification
Comestibles
 c - 14 rations


   Skills:
 + Level 8.8 Fighting
 + Level 5.7 Short Blades
 + Level 5.7 Long Blades
 + Level 7.4 Axes
 + Level 5.7 Maces & Flails
 + Level 5.7 Polearms
 + Level 5.7 Staves
 + Level 5.7 Slings
 + Level 5.7 Bows
 + Level 5.7 Crossbows
 + Level 5.7 Throwing
 + Level 7.4 Armour
 + Level 6.3 Dodging
 + Level 5.7 Stealth
 + Level 5.7 Shields
 + Level 5.7 Unarmed Combat
 + Level 5.7 Spellcasting
 + Level 4.7 Conjurations
 + Level 4.7 Hexes
 + Level 4.7 Charms
 + Level 4.7 Summonings
 + Level 4.7 Necromancy
 + Level 4.7 Translocations
 + Level 4.7 Transmutations
 + Level 4.7 Fire Magic
 + Level 4.7 Ice Magic
 + Level 4.7 Air Magic
 + Level 4.7 Earth Magic
 + Level 4.7 Poison Magic
 + Level 7.8 Invocations
 + Level 5.7 Evocations


You had 21 spell levels left.
You didn't know any spells.
Your spell library contained the following spells:

 Spells                   Type           Power        Failure   Level  Hunger
 Flame Tongue             Conj/Fire      ###..        97%         1    None
 Shock                    Conj/Air       ###.         97%         1    None
 Swiftness                Chrm/Air       ###.....     99%         2    #......
 Throw Flame              Conj/Fire      ###...       99%         2    #......
 Conjure Flame            Conj/Fire      ###.....     100%        3    ###....
 Inner Flame              Hex/Fire       ###.....     100%        3    ###....
 Static Discharge         Conj/Air       ###.....     100%        3    ###....
 Airstrike                Air            ###.......   100%        4    ####...
 Sticky Flame             Conj/Fire      ###.....     100%        4    ####...
 Fireball                 Conj/Fire      ###.......   100%        5    ######.
 Lightning Bolt           Conj/Air       ###.......   100%        5    ######.


Dungeon Overview and Level Annotations

Branches:
Dungeon (10/15)            Temple (0/1) D:6            Lair (0/6) D:8
    Orc: D:9-12

Altars:
Ashenzari
Cheibriados
Dithmenos
Nemelex Xobeh
Okawaru
Qazlal
Ru
Trog

Shops:
D:7 *

Annotations:
D:10 Sonja


Innate Abilities, Weirdness & Mutations

Your experience applies equally to all skills.
You have very sharp teeth.
Your uncanny sense of smell can sniff out nearby items.


Message History

The gargoyle is almost destroyed.
You block the gargoyle's attack.
You hit the gargoyle but do no damage.
The gargoyle is almost destroyed.
The gargoyle hurls a stone arrow at you.
You block the stone arrow.
Your shield and chain mail prevent you from hitting the gargoyle.
The gargoyle is almost destroyed.
You block the gargoyle's attack.
The gargoyle hits you but does no damage.
Your chain mail prevents you from hitting the gargoyle.
Your bite misses the gargoyle.
The gargoyle is almost destroyed.
The gargoyle hurls a stone arrow at you.
You block the stone arrow.
You hit the gargoyle but do no damage.
The gargoyle is almost destroyed.
The gargoyle hurls a stone arrow at you.
The stone arrow hits you!
You die...

########
#......###########
..............>9.#
.......#####.#.#@#
.......#..)..#.#.#
.......#.##9.9.#)#
.####.......####.#
..###.##.#..#
#.###
...#...#.####
#...# .......#.#
###.# .....###.#
#.# .........#
#####)#


You could see a gargoyle.

Vanquished Creatures
  Pikel (D:5)
  A troll (D:9)
  Grinder (D:5)
  A yak (D:9)
  A human (D:9)
  A fire bat (D:8)
  3 hogs (D:9)
  A hungry ghost (D:8)
  A warg (D:8)
  A water moccasin (D:8)
  2 ice beasts (D:5)
  2 black bears
  2 slaves (D:6)
  2 phantoms (D:7)
  3 orc warriors
  5 centaurs
  3 ogres
  A big kobold (D:9)
  A big kobold (shapeshifter) (D:8)
  2 elf zombies (Ossuary)
  5 bullfrogs
  3 gnoll sergeants
  A water moccasin zombie (D:10)
  3 scorpions
  A jelly (D:8)
  5 howler monkeys
  5 crimson imps
  A hound (D:5)
  8 orc priests
  A centaur skeleton (D:5)
  Crazy Yiuf (D:6)
  2 bullfrog skeletons
  A human zombie (Ossuary)
  3 iguanas
  11 orc wizards
  7 worker ants
  Terence (D:2)
  A killer bee zombie (D:5)
  A hound zombie (D:5)
  A hound skeleton (D:5)
  4 mummies (Ossuary)
  4 worker ant zombies
  18 gnolls
  13 adders
  2 shadow imps
  2 oozes
  An adder zombie (Ossuary)
  An adder skeleton (D:3)
  5 worms
  7 leopard geckos
  41 orcs
  7 giant cockroaches
  14 goblins
  11 hobgoblins
  9 jackals (D:2)
  2 quokkas
  3 ball pythons
  3 bats
  7 frilled lizards
  3 goblin zombies (Ossuary)
  A hobgoblin zombie (Ossuary)
  14 kobolds
  2 kobold zombies (Ossuary)
  6 rats
  2 rat zombies (Ossuary)
279 creatures vanquished.

Vanquished Creatures (others)
  A slave (D:6)
  A bullfrog zombie (D:6)
  An orc priest (D:6)
  A centaur skeleton (D:6)
  A butterfly (D:6)
5 creatures vanquished.

Grand Total: 284 creatures vanquished

Notes
Turn   | Place    | Note
-------+----------+-------------------------------------------
     0 | Abyss:1  | Lew the Gnoll Abyssal Knight began the quest for the Orb.
     0 | Abyss:1  | Reached XP level 1. HP: 23/23 MP: 3/3
    51 | Abyss:1  | Noticed a chaos spawn
    60 | Abyss:1  | Noticed an ice beast
    67 | Abyss:1  | Noticed a neqoxec
    68 | Abyss:1  | Noticed a raiju
    69 | D:1      | Escaped the Abyss
   517 | D:1      | Reached XP level 2. HP: 29/29 MP: 5/5
   807 | D:1      | Reached * piety under Lugonu
   856 | D:1      | Reached XP level 3. HP: 35/35 MP: 6/6
   949 | D:2      | Noticed Terence
   957 | D:2      | Killed Terence
   996 | D:2      | Reached skill level 1 in Short Blades
   996 | D:2      | Reached skill level 1 in Long Blades
   996 | D:2      | Reached skill level 1 in Maces & Flails
   996 | D:2      | Reached skill level 1 in Polearms
   996 | D:2      | Reached skill level 1 in Staves
   996 | D:2      | Reached skill level 1 in Slings
   996 | D:2      | Reached skill level 1 in Bows
   996 | D:2      | Reached skill level 1 in Crossbows
   996 | D:2      | Reached skill level 1 in Throwing
   996 | D:2      | Reached skill level 1 in Stealth
   996 | D:2      | Reached skill level 1 in Shields
   996 | D:2      | Reached skill level 1 in Unarmed Combat
   996 | D:2      | Reached skill level 1 in Spellcasting
   996 | D:2      | Reached skill level 1 in Evocations
  1002 | D:2      | Reached XP level 4. HP: 17/41 MP: 7/7
  1215 | D:2      | Found an iron altar of Okawaru.
  1408 | D:2      | Reached skill level 1 in Conjurations
  1408 | D:2      | Reached skill level 1 in Hexes
  1408 | D:2      | Reached skill level 1 in Charms
  1408 | D:2      | Reached skill level 1 in Summonings
  1408 | D:2      | Reached skill level 1 in Necromancy
  1408 | D:2      | Reached skill level 1 in Translocations
  1408 | D:2      | Reached skill level 1 in Transmutations
  1408 | D:2      | Reached skill level 1 in Fire Magic
  1408 | D:2      | Reached skill level 1 in Ice Magic
  1408 | D:2      | Reached skill level 1 in Air Magic
  1408 | D:2      | Reached skill level 1 in Earth Magic
  1408 | D:2      | Reached skill level 1 in Poison Magic
  1450 | D:2      | Reached ** piety under Lugonu
  1593 | D:2      | Reached XP level 5. HP: 42/47 MP: 8/8
  2002 | D:3      | Found a sacrificial altar of Ru.
  2188 | D:3      | Found a bloodstained altar of Trog.
  2199 | D:3      | Found a shattered altar of Ashenzari.
  2807 | D:4      | Reached skill level 5 in Invocations
  2807 | D:4      | Reached XP level 6. HP: 47/53 MP: 9/9
  3244 | D:4      | Reached skill level 5 in Axes
  3244 | D:4      | Reached skill level 5 in Armour
  3499 | D:4      | Reached XP level 7. HP: 44/59 MP: 10/10
  3742 | D:5      | Entered Level 5 of the Dungeon
  3777 | D:5      | Reached skill level 7 in Fighting
  3960 | D:5      | Noticed Grinder
  3971 | D:5      | Paralysed by Grinder for 2 turns
  3976 | D:5      | Paralysed by Grinder for 5 turns
  3985 | D:5      | Paralysed by Grinder for 3 turns
  3990 | D:5      | Killed Grinder
  4611 | D:4      | Reached XP level 8. HP: 55/67 MP: 12/12
  4928 | D:5      | Reached *** piety under Lugonu
  5250 | D:5      | Found a shadowy altar of Dithmenos.
  6808 | D:6      | Noticed Pikel
  6850 | D:5      | Killed Pikel
  6850 | D:5      | Reached XP level 9. HP: 14/73 MP: 13/15
  7294 | D:6      | Found a staircase to the Ecumenical Temple.
  7651 | D:6      | Found a runed door.
  8046 | D:6      | Noticed Crazy Yiuf
  8051 | D:6      | Killed Crazy Yiuf
  8051 | D:6      | Reached skill level 5 in Dodging
  8139 | D:7      | Found a sand-covered staircase.
  8148 | Ossuary  | Entered an ossuary
  8166 | Ossuary  | Reached **** piety under Lugonu
  8626 | D:7      | Reached skill level 8 in Fighting
  8876 | D:7      | Found Pepeheup's Assorted Antiques.
  9408 | D:7      | Reached XP level 10. HP: 77/80 MP: 17/17
  9599 | D:7      | Bought a runed chain mail for 157 gold pieces
  9599 | D:7      | Bought a dazzling leather armour for 147 gold pieces
  9599 | D:7      | Identified the +1 leather armour of Fun {MR+ Int+4} (You bought it in a shop on level 7 of the Dungeon)
  9825 | D:8      | HP: 1/80 [something (4)]
 10454 | D:8      | Reached skill level 5 in Short Blades
 10454 | D:8      | Reached skill level 5 in Long Blades
 10454 | D:8      | Reached skill level 5 in Maces & Flails
 10454 | D:8      | Reached skill level 5 in Polearms
 10454 | D:8      | Reached skill level 5 in Staves
 10454 | D:8      | Reached skill level 5 in Slings
 10454 | D:8      | Reached skill level 5 in Bows
 10454 | D:8      | Reached skill level 5 in Crossbows
 10454 | D:8      | Reached skill level 5 in Throwing
 10454 | D:8      | Reached skill level 5 in Stealth
 10454 | D:8      | Reached skill level 5 in Shields
 10454 | D:8      | Reached skill level 5 in Unarmed Combat
 10454 | D:8      | Reached skill level 5 in Spellcasting
 10454 | D:8      | Reached skill level 5 in Evocations
 10806 | D:8      | Found a staircase to the Lair.
 11298 | D:8      | Found a stormy altar of Qazlal.
 11673 | D:9      | Reached ***** piety under Lugonu
 12795 | D:9      | Found a snail-covered altar of Cheibriados.
 12802 | D:9      | Found a sparkling altar of Nemelex Xobeh.
 13022 | D:10     | Entered Level 10 of the Dungeon
 13066 | D:10     | Reached XP level 11. HP: 85/87 MP: 17/19
 13090 | D:10     | Noticed Sonja
 13589 | D:10     | Killed from afar by a gargoyle

Skill      XL: |  1  2  3  4  5  6  7  8  9 10 |
---------------+-------------------------------+-----
Short Blades   | 1 2 4 5 |  5.7
Long Blades    | 1 2 4 5 |  5.7
Maces & Flails | 1 2 4 5 |  5.7
Polearms       | 1 2 4 5 |  5.7
Staves         | 1 2 4 5 |  5.7
Slings         | 1 2 4 5 |  5.7
Bows           | 1 2 4 5 |  5.7
Crossbows      | 1 2 4 5 |  5.7
Throwing       | 1 2 4 5 |  5.7
Stealth        | 1 2 4 5 |  5.7
Shields        | 1 2 4 5 |  5.7
Unarmed Combat | 1 2 4 5 |  5.7
Spellcasting   | 1 2 4 5 |  5.7
Evocations     | 1 2 4 5 |  5.7
Conjurations   | 1 2 3 4 |  4.7
Hexes          | 1 2 3 4 |  4.7
Charms         | 1 2 3 4 |  4.7
Summonings     | 1 2 3 4 |  4.7
Necromancy     | 1 2 3 4 |  4.7
Translocations | 1 2 3 4 |  4.7
Transmutations | 1 2 3 4 |  4.7
Fire Magic     | 1 2 3 4 |  4.7
Ice Magic      | 1 2 3 4 |  4.7
Air Magic      | 1 2 3 4 |  4.7
Earth Magic    | 1 2 3 4 |  4.7
Poison Magic   | 1 2 3 4 |  4.7
Dodging        | 3 4 5 6 |  6.3
Invocations    | 5 6 7 |  7.8
Axes           | 5 6 7 |  7.4
Armour         | 5 6 7 |  7.4
Fighting       | 7 8 |  8.8

Action                   |  1- 3 |  4- 6 |  7- 9 | 10-12 || total
-------------------------+-------+-------+-------+-------++-------
Melee: Hand axe          |    72 |   270 |   301 |       ||   643
       Bite              |     3 |    25 |    68 |    45 ||   141
       Punch             |       |     3 |     8 |       ||    11
       Flail             |       |       |   121 |       ||   121
       Quarterstaff      |       |       |   104 |   144 ||   248
       War axe           |       |       |       |   157 ||   157
Invok: Depart the Abyss  |     1 |       |       |       ||     1
  Use: Scroll            |       |    17 |    11 |    11 ||    39
       Potion            |       |       |     7 |     6 ||    13
 Stab: Sleeping          |       |     1 |     4 |       ||     5
       Distracted        |       |       |     1 |       ||     1
       Confused          |       |       |     1 |       ||     1
       Paralysed         |       |       |       |     1 ||     1
  Eat: Chunk             |       |     5 |     5 |     6 ||    16
       Ration            |       |     1 |     4 |     3 ||     8
Armor: Leather armour    |     9 |       |       |       ||     9
       Ring mail         |     5 |   105 |   235 |       ||   345
       Chain mail        |       |       |       |   183 ||   183
Dodge: Dodged            |    35 |   170 |   402 |   110 ||   717
Block: Large shield      |       |       |       |   139 ||   139
